 Dungeon Crawl Stone Soup version 0.21.1-1-g345015fe64 (webtiles) character file.

400 Lothor the Stinger (level 6, -2/37 (38) HPs)
             Began as an Octopode Venom Mage on Mar 24, 2018.
             Engulfed by a death drake (glowing shapeshifter)'s foul pestilence (4 damage)
             ... on level 3 of the Dungeon.
             The game lasted 00:12:55 (3356 turns).

Lothor the Stinger (Octopode Venom Mage)            Turns: 3356, Time: 00:12:56

HP:   -2/37 (38)    AC:  1    Str:  7      XL:     6   Next: 84%
MP:   5/11          EV: 13    Int: 20      God:
Gold: 170           SH:  4    Dex: 10 (12) Spells: 0/12 levels left

rFire    + . .     SeeInvis .   w - +3 quarterstaff (chaos)
rCold    . . .     Gourm    .   (shield currently unavailable)
rNeg     . . .     Faith    .   (helmet restricted)
rPois    .         Spirit   .   h - amulet of rage
rElec    .         Reflect  .   j - ring of protection from fire
rCorr    .         Harm     .   (no ring)
MR       .....                  (no ring)
Stlth    +++.......             (no ring)
HPRegen  0.12/turn              (no ring)
MPRegen  0.12/turn              (no ring)
                                (no ring)
                                (no ring)

@: lethally poisoned (-2 -> -48), very slightly contaminated
A: almost no armour, stealthy swim, amphibious, 8 rings, constrict 8, beak,
large bone plates 1, camouflage 1, gelatinous body 1
a: Evoke Berserk Rage


You were on level 3 of the Dungeon.
You were not hungry.

You visited 1 branch of the dungeon, and saw 3 of its levels.

You collected 170 gold pieces.

Inventory:

Hand Weapons
 v - a +1 short sword of draining
 w - a +3 quarterstaff of chaos (weapon)
Missiles
 e - 49 arrows
 f - 133 stones (quivered)
 t - 48 bolts
 x - 4 tomahawks of returning
Jewellery
 g - an uncursed ring of protection from fire
 h - an amulet of rage (around mantle)
 j - a ring of protection from fire (left tentacle)
Scrolls
 d - 2 scrolls of identify {unknown}
 l - a scroll of noise {unknown}
 q - a scroll of teleportation {unknown}
 r - a scroll of immolation {unknown}
 s - a scroll of fear {unknown}
 u - a scroll of remove curse {unknown}
Potions
 i - 2 potions of heal wounds {unknown}
 k - 2 potions of mutation
 m - 2 potions of brilliance {unknown}
 n - 2 potions of might {unknown}
 o - 2 potions of curing {unknown}
 p - a potion of ambrosia {unknown}
Books
 a - a Young Poisoner's Handbook

   Spells                             Type                      Level
   a - Sting                          Conjuration/Poison           1
   b - Poisonous Vapours              Poison/Air                   2
   c - Mephitic Cloud                 Conjuration/Poison/Air       3
   d - Olgreb's Toxic Radiance        Poison                       4
   e - Venom Bolt                     Conjuration/Poison           5
Comestibles
 b - 7 rations
 c - 4 chunks of flesh


   Skills:
 + Level 1.0 Fighting
 - Level 1.0 Short Blades
 + Level 0.5(0.6) Staves
 + Level 3.0 Dodging
 + Level 3.9 Stealth
 + Level 3.9 Spellcasting
 + Level 2.3 Conjurations
 - Level 1.1 Air Magic
 + Level 5.1 Poison Magic


You couldn't memorise any spells.
You knew the following spells:

 Your Spells              Type           Power        Failure   Level  Hunger
a - Sting                 Conj/Pois      ###.         2%          1    None
b - Poisonous Vapours     Pois/Air       ###...       5%          2    ##.....
c - Olgreb's Toxic Radia  Pois           ###.....     16%         4    ####...
d - Venom Bolt            Conj/Pois      ###.......   58%         5    ######.


Dungeon Overview and Level Annotations

Branches:
Dungeon (3/15)

Altars:


Innate Abilities, Weirdness & Mutations

You cannot wear most types of armour.
You are very stealthy in the water. (Stealth+)
You are amphibious.
You can wear up to eight rings at the same time.
You can use your tentacles to constrict eight enemies at once.
Your skin changes colour to match your surroundings (Stealth+).
Your rubbery body absorbs attacks. (AC +1, EV +1)
You have a beak for a mouth.
You are partially covered in large bone plates. (SH +4)


Message History

You lose your grip on the glowing shapeshifter.
The bullfrog changes into a glowing shapeshifter!
You grab the glowing shapeshifter.
The glowing shapeshifter is moderately wounded.
You constrict the glowing shapeshifter.
You lose your grip on the cyclops.
The glowing shapeshifter changes into a cyclops!
The cyclops changes into a floating eye!
The floating eye changes into a death drake!
The death drake breathes miasma at you. The foul vapour engulfs you!
You are lethally poisoned!
You feel your flesh rotting away!
* * * LOW HITPOINT WARNING * * *
Unknown command.
It was a potion of mutation.
You feel extremely strange.
Your mouth lengthens and hardens into a beak!
Large bone plates grow over parts of your tentacles.
You are engulfed in dark miasma.
You are more poisoned.
You die...

..##.........+.'....#..........#.
..##.........###....+............
..##.........#####'##............
####.............#.##.########...
#####.............)..............
..........##....)................
....#...........§.............###
......#.......§§§§.).............
÷...#)#........§@§§§k............
....#.#.....####§§§..............
....#.#.....# #..........#......
....#.#.....# #..........#......
....#.#.....# #......(...#......
....#.#.....# ############......
#####.#.....# #...... #<#.....#
#...... #######


You could see a death drake shaped shifter.

Vanquished Creatures
  Sigmund (D:2)
  Crazy Yiuf (D:2)
  Natasha (twice) (D:3)
  Robin (D:2)
  5 adders
  3 gnolls (D:2)
  2 oozes
  A worm (D:3)
  2 dart slugs (D:1)
  4 leopard geckos
  3 orcs (D:3)
  A giant cockroach (D:2)
  21 goblins
  12 hobgoblins
  2 ball pythons (D:2)
  5 bats
  3 kobolds
  9 rats
78 creatures vanquished.

Notes
Turn   | Place    | Note
-------+----------+-------------------------------------------
     0 | D:1      | Lothor the Octopode Venom Mage began the quest for the Orb.
     0 | D:1      | Reached XP level 1. HP: 11/11 MP: 3/3
   125 | D:1      | Reached XP level 2. HP: 11/17 MP: 1/5
   286 | D:1      | Reached skill level 4 in Poison Magic
   608 | D:1      | Reached XP level 3. HP: 21/21 MP: 1/6
   906 | D:1      | Learned a level 2 spell: Poisonous Vapours
  1352 | D:2      | Noticed Sigmund
  1359 | D:2      | Killed Sigmund
  1359 | D:2      | Reached XP level 4. HP: 21/27 MP: 1/8
  1359 | D:2      | Reached XP level 5. HP: 24/31 MP: 1/9
  1498 | D:2      | Reached XP level 6. HP: 15/36 MP: 0/11
  1733 | D:2      | Noticed Robin
  1741 | D:2      | Killed Robin
  1741 | D:2      | Reached skill level 1 in Air Magic
  2056 | D:2      | Learned a level 4 spell: Olgreb's Toxic Radiance
  2063 | D:2      | Learned a level 5 spell: Venom Bolt
  2078 | D:2      | Found a runed door.
  2082 | D:2      | Noticed Crazy Yiuf
  2087 | D:2      | Killed Crazy Yiuf
  2087 | D:2      | Reached skill level 1 in Short Blades
  2488 | D:3      | Reached skill level 5 in Poison Magic
  2492 | D:3      | Noticed Natasha
  2498 | D:3      | Killed Natasha
  2656 | D:3      | Noticed Natasha
  2669 | D:3      | Killed Natasha
  2669 | D:3      | Reached skill level 1 in Fighting
  3335 | D:3      | Noticed a steam dragon
  3335 | D:3      | a worm changed into a steam dragon
  3340 | D:3      | a steam dragon changed into a howler monkey
  3351 | D:3      | Noticed a glowing shapeshifter
  3351 | D:3      | a bullfrog changed into a glowing shapeshifter
  3351 | D:3      | Noticed a cyclops
  3351 | D:3      | a glowing shapeshifter changed into a cyclops
  3352 | D:3      | Noticed a floating eye
  3352 | D:3      | a cyclops changed into a floating eye
  3354 | D:3      | Noticed a death drake
  3354 | D:3      | a floating eye changed into a death drake
  3356 | D:3      | Gained mutation: You have a beak for a mouth. [potion of mutation]
  3356 | D:3      | Gained mutation: You are partially covered in large bone plates. (SH +4) [potion of mutation]
  3356 | D:3      | Engulfed by a death drake (glowing shapeshifter)'s foul pestilence

Skill      XL: |  1  2  3  4  5  6 |
---------------+-------------------+-----
Poison Magic   | 4 5 |  5.1
Stealth        | 3 |  3.9
Spellcasting   | 3 |  3.9
Conjurations   | 2 |  2.3
Air Magic      | 1 |  1.1
Short Blades   | 1 |  1.0
Dodging        | 3 |  3.0
Fighting       | 1 |  1.0
Staves         | |  0.5

Action                   |  1- 3 |  4- 6 || total
-------------------------+-------+-------++-------
Melee: Dagger            |    12 |       ||    12
       Tentacles         |     2 |     3 ||     5
       Quarterstaff      |       |    30 ||    30
       Constrict         |       |     9 ||     9
       Short sword       |       |     4 ||     4
       Scythe            |       |     4 ||     4
 Cast: Sting             |    41 |    59 ||   100
       Poisonous Vapours |     7 |     3 ||    10
       Olgreb's Toxic Ra |       |     3 ||     3
  Use: Potion            |       |     1 ||     1
 Stab: Sleeping          |       |     4 ||     4
  Eat: Chunk             |     2 |     7 ||     9
Armor: Skin              |       |     1 ||     1
Dodge: Dodged            |    18 |    28 ||    46
